 Dungeon Crawl Stone Soup version 0.23.2-1-ga50397a (webtiles) character file.

Game seed: 16056949886000345228

7106 esteth the Thaumaturge (level 11, -3/81 HPs)
             Began as a Gnoll Wizard on May 3, 2019.
             Was a Follower of Ashenzari.
             Killed from afar by a gargoyle (21 damage)
             ... with a stone arrow
             ... on level 10 of the Dungeon.
             The game lasted 00:24:12 (13245 turns).

esteth the Thaumaturge (Gnoll Wizard)              Turns: 13245, Time: 00:24:13

Health: -3/81      AC:  8    Str: 10    XL:     11   Next: 10%
Magic:  9/24       EV: 16    Int: 23    God:    Ashenzari [*.....]
Gold:   688        SH:  0    Dex: 14    Spells: 14/28 levels left

rFire    . . .     SeeInvis .   h - +2 whip (drain)
rCold    . . .     Gourm    +   (no shield)
rNeg     . . .     Faith    .   f - +2 robe {MR+}
rPois    .         Spirit   .   b - +0 hat
rElec    .         Reflect  .   l - +1 cloak
rCorr    .         Harm     .   o - +0 pair of gloves
MR       +....                  (no boots)
Stlth    ++++......             n - amulet of the gourmand (curse)
HPRegen  0.23/turn              (no ring)
MPRegen  0.19/turn              (no ring)

@: about to teleport
A: distributed training, fangs 1, strong nose
a: Curse Item, Scrying, Renounce Religion


You were on level 10 of the Dungeon.
You worshipped Ashenzari.
Ashenzari was aware of your devotion.
You were very full.

You visited 1 branch of the dungeon, and saw 10 of its levels.

You collected 688 gold pieces.

Inventory:

Hand Weapons
 e - a +0 whip
 h - a +2 whip of draining (weapon)
Armour
 a - a +0 robe
 b - a +0 hat (worn)
 f - a +2 robe of magic resistance (worn)
 l - a +1 cloak (worn)
 o - a +0 pair of gloves (worn)
Jewellery
 n - a cursed amulet of the gourmand (around neck)
Wands
 k - a wand of flame (6)
 y - a wand of iceblast (1)
Scrolls
 c - 10 scrolls of identify
 g - a scroll of amnesia
 r - a scroll of fog
 t - 3 scrolls of enchant weapon
 u - a scroll of magic mapping {unknown}
 v - 4 scrolls of fear
 A - a scroll of enchant armour
 B - a scroll of remove curse
Potions
 i - a potion of cancellation {unknown}
 m - 4 potions of flight {unknown}
 p - 2 potions of lignification {unknown}
 q - a potion of invisibility {unknown}
 s - a potion of might {unknown}
 x - 2 potions of brilliance {unknown}
Comestibles
 d - 21 rations


   Skills:
 + Level 5.8 Fighting
 + Level 5.8 Short Blades
 + Level 5.8 Long Blades
 + Level 5.8 Axes
 + Level 5.8 Maces & Flails
 + Level 5.8 Polearms
 + Level 5.8 Staves
 + Level 5.8 Slings
 + Level 5.8 Bows
 + Level 5.8 Crossbows
 + Level 5.8 Throwing
 + Level 5.8 Armour
 + Level 7.5 Dodging
 + Level 7.3 Stealth
 + Level 5.8 Shields
 + Level 5.8 Unarmed Combat
 + Level 9.3 Spellcasting
 + Level 5.3 Conjurations
 + Level 4.8 Hexes
 + Level 4.8 Charms
 + Level 5.3 Summonings
 + Level 4.8 Necromancy
 + Level 5.3 Translocations
 + Level 4.8 Transmutations
 + Level 4.8 Fire Magic
 + Level 4.8 Ice Magic
 + Level 4.8 Air Magic
 + Level 4.8 Earth Magic
 + Level 4.8 Poison Magic
 + Level 6.4 Invocations
 + Level 5.8 Evocations


You had 14 spell levels left.
You knew the following spells:

 Your Spells              Type           Power        Failure   Level  Hunger
a - Magic Dart            Conj           ####         1%          1    None
b - Blink                 Tloc           N/A          1%          2    None
c - Call Imp              Summ           #####...     1%          2    None
d - Conjure Flame         Conj/Fire      ####....     2%          3    None
e - Mephitic Cloud        Conj/Pois/Air  ####....     2%          3    None
f - Tukima's Dance        Hex            ####....     2%          3    None

Your spell library contained the following spells:

 Spells                   Type           Power        Failure   Level  Hunger
 Corona                   Hex            ####...      1%          1    None
 Ensorcelled Hibernation  Hex/Ice        ####..       1%          2    None
 Slow                     Hex            ####....     1%          2    None
 Confuse                  Hex            ####....     2%          3    None
 Dazzling Spray           Conj/Hex       ####..       2%          3    None


Dungeon Overview and Level Annotations

Branches:
Dungeon (10/15)            Temple (0/1) D:5            Lair (0/6) D:9
    Orc: D:9-12

Altars:
Ashenzari
Elyvilon
Makhleb
Ru
Trog
Uskayaw
Xom

Annotations:
D:7 1 runed translucent door, Crazy Yiuf


Innate Abilities, Weirdness & Mutations

Your experience applies equally to all skills.
You have very sharp teeth.
Your uncanny sense of smell can sniff out nearby items.


Message History

The gargoyle is moderately damaged.
The gargoyle hurls a stone arrow at you.
The stone arrow hits you!!
You hit the gargoyle but do no damage.
The gargoyle is moderately damaged.
Found a scroll of identify.
Casting: Magic Dart (safe; 1% risk of failure)
Confirm with . or Enter, or press ? or * to list all spells.
Aiming: Tukima's Dance (safe; 2% risk of failure)
Press: ? - help, Shift-Dir - straight line, f - you, p - gargoyle
Okay, then.
As you read the scroll labeled AGY WERPHEL, it crumbles to dust.
The creatures around you are filled with an inner flame!
It was a scroll of immolation.
The gargoyle hits you!
* * * LOW HITPOINT WARNING * * *
As you read the scroll of teleportation, it crumbles to dust.
You feel strangely unstable.
The gargoyle hurls a stone arrow at you.
The stone arrow hits you!!
You die...

.##.......÷......
........................
.....?.###..............
........................
....... ##.......#####..
....... #.÷...........#
....... #.<÷....####..#
.......##############.[#
#$....@9.....).....††.#
################.....##
∆ ...........
####....### #....#
#....# ....... ##....##


You could see a gargoyle (inner flame).

Vanquished Creatures
  Harold (D:7)
  A two-headed ogre (D:6)
  The ghost of Miyamura the Sneak, a novice OpTm (D:3)
  3 hippogriffs
  A spriggan (D:9)
  4 yaks (D:8)
  Grum (D:8)
  Menkaure (D:7)
  2 wargs (D:8)
  3 phantoms
  3 ice beasts
  3 orc warriors
  A necrophage (D:8)
  4 wolves (D:8)
  5 ogres
  3 centaurs
  2 scorpions
  A water moccasin skeleton (D:7)
  5 killer bees
  2 howler monkeys
  3 crimson imps
  A centaur zombie (D:6)
  A bullfrog zombie (D:9)
  A jelly (D:5)
  3 orc wizards
  5 orc priests
  9 hounds
  An iguana (D:9)
  A gnoll shaman (D:4)
  4 worker ants
  A hound zombie (D:6)
  A worker ant zombie (D:5)
  A howler monkey skeleton (D:6)
  7 gnolls (D:4)
  8 adders
  2 shadow imps
  An ooze (D:3)
  An adder zombie (D:5)
  An adder skeleton (D:5)
  A worm (D:2)
  2 dart slugs (D:2)
  7 leopard geckos
  32 orcs
  2 ball pythons
  5 bats
  10 giant cockroaches
  7 goblins
  6 hobgoblins
  11 jackals
  4 quokkas
  5 frilled lizards
  A jackal skeleton (D:4)
  7 kobolds
  A leopard gecko skeleton (D:7)
  2 quokka zombies
  17 rats
219 creatures vanquished.

Vanquished Creatures (collateral kills)
  A two-headed ogre (D:8)
  A killer bee (D:10)
2 creatures vanquished.

Vanquished Creatures (others)
  2 dancing weapons
  A killer bee (D:10)
3 creatures vanquished.

Grand Total: 224 creatures vanquished

Notes
Turn   | Place    | Note
-------+----------+-------------------------------------------
     0 | D:1      | esteth the Gnoll Wizard began the quest for the Orb.
     0 | D:1      | Reached XP level 1. HP: 13/13 MP: 8/8
   154 | D:1      | Reached XP level 2. HP: 19/19 MP: 0/10
   234 | D:1      | Learned a level 2 spell: Blink
   237 | D:1      | Learned a level 2 spell: Call Imp
  1361 | D:2      | Reached XP level 3. HP: 25/25 MP: 5/11
  1419 | D:2      | Learned a level 3 spell: Conjure Flame
  1423 | D:2      | Learned a level 3 spell: Mephitic Cloud
  1480 | D:2      | Reached skill level 1 in Fighting
  1480 | D:2      | Reached skill level 1 in Short Blades
  1480 | D:2      | Reached skill level 1 in Long Blades
  1480 | D:2      | Reached skill level 1 in Axes
  1480 | D:2      | Reached skill level 1 in Maces & Flails
  1480 | D:2      | Reached skill level 1 in Polearms
  1480 | D:2      | Reached skill level 1 in Staves
  1480 | D:2      | Reached skill level 1 in Slings
  1480 | D:2      | Reached skill level 1 in Bows
  1480 | D:2      | Reached skill level 1 in Crossbows
  1480 | D:2      | Reached skill level 1 in Throwing
  1480 | D:2      | Reached skill level 1 in Armour
  1480 | D:2      | Reached skill level 1 in Shields
  1480 | D:2      | Reached skill level 1 in Unarmed Combat
  1480 | D:2      | Reached skill level 1 in Invocations
  1480 | D:2      | Reached skill level 1 in Evocations
  1480 | D:2      | Reached XP level 4. HP: 32/32 MP: 0/13
  1698 | D:2      | Found a white marble altar of Elyvilon.
  1941 | D:2      | Reached skill level 1 in Hexes
  1941 | D:2      | Reached skill level 1 in Charms
  1941 | D:2      | Reached skill level 1 in Necromancy
  1941 | D:2      | Reached skill level 1 in Transmutations
  1941 | D:2      | Reached skill level 1 in Fire Magic
  1941 | D:2      | Reached skill level 1 in Ice Magic
  1941 | D:2      | Reached skill level 1 in Air Magic
  1941 | D:2      | Reached skill level 1 in Earth Magic
  1941 | D:2      | Reached skill level 1 in Poison Magic
  2229 | D:2      | Found a shimmering altar of Xom.
  2351 | D:3      | Reached XP level 5. HP: 33/37 MP: 8/14
  2681 | D:3      | Found a runed translucent door.
  2681 | D:3      | Noticed Miyamura's ghost (novice OpTm)
  2943 | D:3      | Killed Miyamura's ghost
  2943 | D:3      | Reached skill level 5 in Dodging
  2943 | D:3      | Reached XP level 6. HP: 44/44 MP: 0/16
  2943 | D:3      | Reached XP level 7. HP: 50/50 MP: 0/18
  3209 | D:3      | Found a bloodstained altar of Trog.
  4156 | D:4      | Reached skill level 5 in Stealth
  4281 | D:4      | Found a burning altar of Makhleb.
  4689 | D:5      | Entered Level 5 of the Dungeon
  4834 | D:5      | Found a shattered altar of Ashenzari.
  4838 | D:5      | Became a worshipper of Ashenzari the Shackled
  5119 | D:5      | Reached XP level 8. HP: 45/57 MP: 19/19
  5347 | D:5      | Found a staircase to the Ecumenical Temple.
  5569 | D:5      | Found a sacrificial altar of Ru.
  6546 | D:6      | Found a glowing drain.
  6704 | D:6      | Reached skill level 8 in Spellcasting
  6757 | D:6      | Noticed a two-headed ogre
  6766 | D:6      | Killed a two-headed ogre
  6766 | D:6      | Reached XP level 9. HP: 5/65 MP: 12/21
  8196 | D:7      | Noticed Harold
  8209 | D:7      | Noticed Menkaure
  8252 | D:7      | Found a hide-covered altar of Uskayaw.
  8252 | D:7      | Noticed a +0 dagger
  8253 | D:7      | Noticed a +0 dagger
  8341 | D:7      | HP: 1/66 [Harold/+0 scimitar (15)]
  8721 | D:7      | Killed Harold
  8721 | D:7      | Reached skill level 5 in Invocations
  8721 | D:7      | Reached XP level 10. HP: 73/73 MP: 20/22
  8823 | D:7      | Killed Menkaure
  9209 | D:7      | Reached * piety under Ashenzari
  9314 | D:7      | Found a runed translucent door.
  9315 | D:7      | Noticed Crazy Yiuf
  9861 | D:8      | Reached skill level 5 in Fighting
  9861 | D:8      | Reached skill level 5 in Short Blades
  9861 | D:8      | Reached skill level 5 in Long Blades
  9861 | D:8      | Reached skill level 5 in Axes
  9861 | D:8      | Reached skill level 5 in Maces & Flails
  9861 | D:8      | Reached skill level 5 in Polearms
  9861 | D:8      | Reached skill level 5 in Staves
  9861 | D:8      | Reached skill level 5 in Slings
  9861 | D:8      | Reached skill level 5 in Bows
  9861 | D:8      | Reached skill level 5 in Crossbows
  9861 | D:8      | Reached skill level 5 in Throwing
  9861 | D:8      | Reached skill level 5 in Armour
  9861 | D:8      | Reached skill level 5 in Shields
  9861 | D:8      | Reached skill level 5 in Unarmed Combat
  9861 | D:8      | Reached skill level 5 in Evocations
 10085 | D:8      | Noticed Grum
 10117 | D:8      | Killed Grum
 10658 | D:8      | Learned a level 3 spell: Tukima's Dance
 10724 | D:8      | Noticed a two-headed ogre
 10746 | D:8      | Killed a two-headed ogre
 10746 | D:8      | Reached skill level 9 in Spellcasting
 11020 | D:8      | Reached skill level 5 in Conjurations
 11020 | D:8      | Reached skill level 5 in Summonings
 11020 | D:8      | Reached skill level 5 in Translocations
 12146 | D:9      | Found a staircase to the Lair.
 12301 | D:9      | Reached XP level 11. HP: 73/80 MP: 24/24
 12790 | D:10     | Entered Level 10 of the Dungeon
 13245 | D:10     | Killed from afar by a gargoyle

Skill      XL: |  1  2  3  4  5  6  7  8  9 10 |
---------------+-------------------------------+-----
Conjurations   | 2 3 4 5 |  5.3
Summonings     | 2 3 4 5 |  5.3
Translocations | 2 3 4 5 |  5.3
Fighting       | 1 2 3 4 5 |  5.8
Short Blades   | 1 2 3 4 5 |  5.8
Long Blades    | 1 2 3 4 5 |  5.8
Axes           | 1 2 3 4 5 |  5.8
Maces & Flails | 1 2 3 4 5 |  5.8
Polearms       | 1 2 3 4 5 |  5.8
Staves         | 1 2 3 4 5 |  5.8
Slings         | 1 2 3 4 5 |  5.8
Bows           | 1 2 3 4 5 |  5.8
Crossbows      | 1 2 3 4 5 |  5.8
Throwing       | 1 2 3 4 5 |  5.8
Armour         | 1 2 3 4 5 |  5.8
Shields        | 1 2 3 4 5 |  5.8
Unarmed Combat | 1 2 3 4 5 |  5.8
Invocations    | 1 2 3 4 5 6 |  6.4
Evocations     | 1 2 3 4 5 |  5.8
Hexes          | 1 2 3 4 |  4.8
Charms         | 1 2 3 4 |  4.8
Necromancy     | 1 2 3 4 |  4.8
Transmutations | 1 2 3 4 |  4.8
Fire Magic     | 1 2 3 4 |  4.8
Ice Magic      | 1 2 3 4 |  4.8
Air Magic      | 1 2 3 4 |  4.8
Earth Magic    | 1 2 3 4 |  4.8
Poison Magic   | 1 2 3 4 |  4.8
Dodging        | 5 6 7 |  7.5
Stealth        | 5 6 7 |  7.3
Spellcasting   | 8 9 |  9.3

Action                   |  1- 3 |  4- 6 |  7- 9 | 10-12 || total
-------------------------+-------+-------+-------+-------++-------
Melee: Whip              |     3 |    50 |   404 |   283 ||   740
       Bite              |       |     3 |    42 |    25 ||    70
       Punch             |       |       |     9 |     8 ||    17
 Cast: Magic Dart        |    58 |    84 |    82 |   115 ||   339
       Mephitic Cloud    |     1 |       |    13 |    15 ||    29
       Call Imp          |       |     3 |     7 |     7 ||    17
       Blink             |       |     3 |     1 |       ||     4
       Conjure Flame     |       |       |     4 |     7 ||    11
       Tukima's Dance    |       |       |       |     7 ||     7
Invok: Curse Item        |       |       |     1 |       ||     1
Evoke: Wand              |       |       |     8 |       ||     8
  Use: Scroll            |       |     1 |    16 |     4 ||    21
       Potion            |       |     2 |     5 |     2 ||     9
 Stab: Sleeping          |       |     6 |    15 |     3 ||    24
       Distracted        |       |       |     1 |       ||     1
       Confused          |       |       |     3 |     9 ||    12
  Eat: Chunk             |     2 |    16 |    15 |    17 ||    50
Armor: Robe              |     1 |    16 |   106 |    66 ||   189
Dodge: Dodged            |     6 |    60 |   255 |   269 ||   590
